 Dungeon Crawl Stone Soup version 0.30.0-29-ga12c61a403 (webtiles) character file.

Game seed: 13041356425951969618

20414 Bnni the Geomancer (level 13, -1/99 HPs)
             Began as a Formicid Earth Elementalist on June 21, 2023.
             Was an Elder of Cheibriados.
             Slain by an eight-headed hydra (10 damage)
             ... on level 15 of the Dungeon.
             The game lasted 00:37:57 (13810 turns).

Bnni the Geomancer (Formicid Earth Elementalist)   Turns: 13810, Time: 00:37:58

Health: -1/99      AC: 15    Str: 23    XL:     13   Next: 12%
Magic:  2/25       EV: 16    Int: 30    God:    Cheibriados [****..]
Gold:   1095       SH: 15    Dex: 24    Spells: 18/28 levels left

rFire   + . .        B - +2 halberd (protect)
rCold   . . .        O - +3 warlock's mirror {omnireflect}
rNeg    . . .        h - +0 swamp dragon scales
rPois   +            (helmet unavailable)
rElec   .            m - +1 cloak
rCorr   .            E - +2 pair of gloves
SInv    +            p - +0 pair of boots
Will    +....        x - amulet of reflection
Stlth   ++           T - +5 ring of evasion
HPRegen 0.36/turn    i - ring of protection from fire
MPRegen 0.19/turn

%: reflection
@: very slow
A: permanent stasis, dig shafts and tunnels, antennae 3, four strong arms
a: Dig, Shaft Self, Renounce Religion, Bend Time, Temporal Distortion, Slouch


You were on level 15 of the Dungeon.
You worshipped Cheibriados.
Cheibriados was greatly pleased with you.
You visited 1 branch of the dungeon, and saw 14 of its levels.
You also visited: Ossuary.

You collected 1095 gold pieces.

Inventory:

Hand Weapons
 B - a +2 halberd of protection (weapon)
Missiles
 a - 21 poisoned darts
 o - 5 atropa-tipped darts
 C - 3 curare-tipped darts
Armour
 d - a +0 plate armour
 h - +0 swamp dragon scales (worn)
 m - a +1 cloak (worn)
 p - a +0 pair of boots (worn)
 E - a +2 pair of gloves (worn)
 O - the +3 warlock's mirror (worn) {omnireflect}
   (You found it on level 10 of the Dungeon)

   Omnireflect: It can block and reflect piercing ranged attacks and magical
   attacks against the wielder's willpower.
Magical Staves
 Q - a staff of death
Jewellery
 i - a ring of protection from fire (right hand)
 v - a ring of protection from cold
 x - an amulet of reflection (around neck)
 y - a ring of positive energy
 D - a ring of flight
 T - a +5 ring of evasion (left hand)
Wands
 A - a wand of charming (19)
 L - a wand of flame (5)
 N - a wand of digging (6)
 P - a wand of quicksilver (5)
Scrolls
 g - 2 scrolls of enchant armour
 l - 4 scrolls of amnesia
 n - 4 scrolls of fog
 s - 5 scrolls of enchant weapon
 t - a scroll of magic mapping
 u - 2 scrolls of poison
 w - a scroll of brand weapon {unknown}
 z - a scroll of fear
 K - 3 scrolls of immolation {unknown}
 S - 3 scrolls of summoning {unknown}
Potions
 b - 2 potions of magic
 c - 2 potions of cancellation
 e - a potion of berserk rage {unknown}
 f - 3 potions of mutation
 j - 6 potions of attraction
 k - a potion of flight {unknown}
 q - a potion of resistance
 r - 6 potions of curing
 F - 2 potions of ambrosia
 G - a potion of haste {unknown}
 H - 2 potions of brilliance {unknown}
 I - 4 potions of lignification
 J - 3 potions of heal wounds
 M - a potion of might {unknown}


   Skills:
 + Level 8.4 Fighting
 + Level 6.4 Armour
 - Level 1.7 Dodging
 - Level 2.4 Stealth
 + Level 5.3 Shields
 + Level 8.3 Spellcasting
 - Level 3.0 Conjurations
 - Level 3.0 Transmutations
 * Level 13.8 Earth Magic
 * Level 12.8 Invocations


You had 18 spell levels left.
You knew the following spells:

 Your Spells              Type           Power      Damage    Failure   Level
a - Sandblast             Erth           100%       2d20      1%          1
b - Passwall              Tmut/Erth      48%        N/A       1%          2
c - Stone Arrow           Conj/Erth      100%       3d13      1%          3
d - Petrify               Tmut/Erth      58%        N/A       2%          4

Your spell library contained the following spells:

 Spells                   Type           Power      Damage    Failure   Level
 Magic Dart               Conj           100%       1d8       2%          1
 Foxfire                  Conj/Fire      84%        2x1d8     4%          1
 Slow                     Hex            48%        N/A       8%          1
 Call Imp                 Summ           24%        N/A       12%         2
 Mephitic Cloud           Conj/Pois/Air  18%        N/A       16%         3
 Confusing Touch          Hex            12%        N/A       22%         3
 Vampiric Draining        Necr           12%        2d6       22%         3
 Fireball                 Conj/Fire      10%        3d6       75%         5
 Starburst                Conj/Fire      10%        6d5       99%         6
 Plasma Beam              Fire/Air       6%         2x1d18    100%        6


Dungeon Overview and Level Annotations

Branches:
Dungeon (13/15)            Temple (0/1) D:7            Lair (0/5) D:8
    Orc (0/2) D:9         Ossuary (visited)
 Vaults: D:13-14

Altars:
Cheibriados
Dithmenos
Nemelex Xobeh
Okawaru
Ru
Trog
Vehumet
Wu Jian
Yredelemnul
The Shining One
Jiyva

Portals:
Trove: D:12 (give +7 demon trident)


Innate Abilities, Weirdness & Mutations

You cannot be hasted, slowed, berserked, paralysed or teleported.
You can dig through walls and to a lower floor.
You have a pair of large antennae on your head. (SInv)
Your four strong arms can wield two-handed weapons with a shield.


Message History

The eight-headed hydra closely misses you.
You block the eight-headed hydra's attack.
The eight-headed hydra bites you but does no damage.
The eight-headed hydra completely misses you.
The eight-headed hydra bites you but does no damage.
The eight-headed hydra bites you. x2
You block the eight-headed hydra's attack.
The eight-headed hydra bites you. x2
The eight-headed hydra barely misses you.
The eight-headed hydra bites you but does no damage.
The eight-headed hydra bites you!
* * * LOW HITPOINT WARNING * * *
You block the eight-headed hydra's attack.
The eight-headed hydra bites you.
* * * LOW HITPOINT WARNING * * *
The eight-headed hydra closely misses you.
Aiming: Charm
Press: ? - help, Shift-Dir - straight line, f/p - eight-headed hydra
Aim: an eight-headed hydra (severely wounded, chance to affect: 17%)
Okay, then.
Okay, then.
Okay, then.
The flow of time bends around you.
Cheibriados rebukes the eight-headed hydra.
The eight-headed hydra seems to slow down.
Okay, then.
Unknown command.
You feel much better.
Your resistance to elements expires.
The eight-headed hydra bites you! x2
* * * LOW HITPOINT WARNING * * *
You block the eight-headed hydra's attack.
The eight-headed hydra bites you.
* * * LOW HITPOINT WARNING * * *
You block the eight-headed hydra's attack.
The eight-headed hydra bites you.
* * * LOW HITPOINT WARNING * * *
You block the eight-headed hydra's attack.
The eight-headed hydra bites you!
You die... #..#######.# #..# #.. #.# #..# #.. #.# #..# #.. #.# #..# #.. #ā—‹# #..# #.{ #.# #..# #oo

#.## #..#
#.D## #..#
#ā˜¼#@# #..#
#.### #..#
#..#
Eā—‹ā—‹.....#
#..# #...
R{E.....#
#..# #...
#######.#
#..# #... #.#
#..# #... #.#
#..# #... #^#
#..####...
#.#
#.........


You could see an eight-headed hydra (slow).

Vanquished Creatures
  Azrael (D:15)
  A hydra (D:12)
  The ghost of Quickbrownfox the Covert, a journeyman DsCj of Vehumet (D:9)
  A boulder beetle (D:15)
  A two-headed ogre (D:8)
  7 wizards (D:10)
  A mana viper (shapeshifter) (D:12)
  A cyclops (D:12)
  2 ugly things
  2 manticores
  Maggie (D:7)
  Psyche (D:11)
  A gargoyle (D:12)
  3 yaktaurs (D:15)
  A tengu conjurer (D:15)
  A troll (D:12)
  A hornet (D:9)
  5 slime creatures
  A wyvern (D:8)
  4 wraiths
  4 yaks (D:9)
  A steam dragon (D:9)
  3 fire elementals (D:15)
  11 vampire mosquitoes
  2 wargs (D:8)
  4 acid dragons
  2 water moccasins (D:7)
  2 hell hounds (D:15)
  A sky beast (D:7)
  8 orc warriors
  4 ice beasts
  2 centaurs
  2 ogres
  8 bullfrogs
  A gnoll sergeant (D:9)
  A scorpion (D:2)
  8 wights
  9 killer bees
  3 howler monkeys (D:8)
  5 electric eels
  2 gnoll boudas (D:7)
  7 jellies
  7 orc priests
  A hound (D:5)
  A sleepcap (D:6)
  6 iguanas
  10 orc wizards
  8 mummies (Ossuary)
  16 gnolls
  6 adders
  An ufetubus (D:5)
  3 worms
  A dart slug (D:5)
  40 orcs
  7 endoplasms
  2 giant cockroaches
  2 gnoll zombies (Ossuary)
  5 hobgoblins
  3 quokkas
  8 ball pythons
  8 bats
  4 frilled lizards
  4 goblins
  A goblin zombie (D:7)
  3 hobgoblin zombies (Ossuary)
  6 kobolds
  2 kobold zombies (Ossuary)
  An orc zombie (Ossuary)
  A quokka zombie (D:7)
  9 rats
293 creatures vanquished.

Vanquished Creatures (others)
  A warg (D:15)
  An orc priest (D:12)
2 creatures vanquished.

Grand Total: 295 creatures vanquished

Notes
Turn   | Place    | Note
-------+----------+-------------------------------------------
     0 | D:1      | Bnni the Formicid Earth Elementalist began the quest for
                  | the Orb.
     0 | D:1      | Reached XP level 1. HP: 13/13 MP: 3/3
   137 | D:1      | Reached XP level 2. HP: 19/19 MP: 5/5
   575 | D:2      | Reached skill level 4 in Earth Magic
   575 | D:2      | Reached XP level 3. HP: 25/25 MP: 6/6
   581 | D:2      | Learned a level 2 spell: Passwall
   585 | D:2      | Learned a level 3 spell: Stone Arrow
   601 | D:2      | Reached skill level 1 in Conjurations
   662 | D:2      | Noticed a scorpion
   672 | D:2      | Killed a scorpion
   673 | D:2      | Reached skill level 1 in Fighting
   673 | D:2      | Reached XP level 4. HP: 7/32 MP: 5/7
   811 | D:2      | Reached XP level 5. HP: 30/37 MP: 3/8
  1538 | D:3      | Found an iron altar of Okawaru.
  1614 | D:3      | Found a bloodstained altar of Trog.
  1615 | D:3      | Found a snail-covered altar of Cheibriados.
  1629 | D:3      | Became a worshipper of Cheibriados the Contemplative
  2360 | D:4      | Reached skill level 5 in Earth Magic
  2360 | D:4      | Reached XP level 6. HP: 11/43 MP: 1/10
  2565 | D:4      | Reached skill level 1 in Invocations
  2576 | D:4      | Reached * piety under Cheibriados
  2614 | D:4      | Learned a level 4 spell: Petrify
  2635 | D:4      | Identified the +0 leather armour "Lowneuq" {*Slow rF+
                  | Int+6}
  2919 | D:5      | Entered Level 5 of the Dungeon
  2919 | D:5      | Found a basalt altar of Yredelemnul.
  3033 | D:5      | Reached XP level 7. HP: 35/49 MP: 3/11
  3354 | D:5      | Found a glowing golden altar of the Shining One.
  3359 | D:5      | Reached skill level 6 in Earth Magic
  3646 | D:5      | Reached XP level 8. HP: 57/57 MP: 9/13
  3778 | D:6      | Found an ornate altar of the Wu Jian Council.
  3864 | D:6      | Reached ** piety under Cheibriados
  4164 | D:6      | Reached skill level 7 in Earth Magic
  4444 | D:6      | Reached skill level 5 in Invocations
  4510 | D:7      | Found a radiant altar of Vehumet.
  4532 | D:7      | Reached XP level 9. HP: 65/65 MP: 7/15
  4559 | D:7      | Found a sand-covered staircase.
  4570 | Ossuary  | Entered an ossuary
  4685 | Ossuary  | Reached skill level 8 in Earth Magic
  4863 | D:7      | Reached *** piety under Cheibriados
  5312 | D:7      | Reached skill level 5 in Spellcasting
  5327 | D:7      | Noticed Maggie
  5346 | D:7      | Killed Maggie
  5347 | D:7      | Reached skill level 9 in Earth Magic
  5483 | D:7      | Found a staircase to the Ecumenical Temple.
  6181 | D:8      | Reached skill level 5 in Fighting
  6274 | D:8      | Reached XP level 10. HP: 73/74 MP: 12/18
  6555 | D:8      | Noticed a two-headed ogre
  6562 | D:8      | Killed a two-headed ogre
  6563 | D:8      | Reached skill level 1 in Armour
  6563 | D:8      | Reached skill level 10 in Earth Magic
  6741 | D:8      | Reached **** piety under Cheibriados
  6899 | D:8      | Found a staircase to the Lair.
  7080 | D:8      | Found a sacrificial altar of Ru.
  8059 | D:9      | Found a sparkling altar of Nemelex Xobeh.
  8131 | D:9      | Reached XP level 11. HP: 81/81 MP: 16/20
  8160 | D:9      | Reached skill level 11 in Earth Magic
  8261 | D:9      | Found a staircase to the Orcish Mines.
  8749 | D:9      | Reached skill level 10 in Invocations
  9434 | D:10     | Entered Level 10 of the Dungeon
  9437 | D:10     | Found a runed translucent gate.
  9455 | D:10     | Found a runed translucent gate.
  9456 | D:10     | Found a runed translucent gate.
  9459 | D:10     | Found a viscous altar of Jiyva.
  9459 | D:10     | Noticed Quickbrownfox's ghost (journeyman DsCj)
  9530 | D:10     | Reached ***** piety under Cheibriados
  9643 | D:10     | Found a shadowy altar of Dithmenos.
  9921 | D:10     | Noticed a wizard
  9925 | D:10     | Killed a wizard
  9967 | D:10     | Noticed a wizard
  9972 | D:10     | Killed a wizard
 10281 | D:10     | Noticed a wizard
 10284 | D:10     | Noticed a wizard
 10288 | D:10     | Killed a wizard
 10291 | D:10     | Killed a wizard
 10292 | D:10     | Reached skill level 12 in Earth Magic
 10360 | D:10     | Found the +3 warlock's mirror {omnireflect}
 10382 | D:10     | Noticed a wizard
 10387 | D:10     | Killed a wizard
 10399 | D:10     | Noticed a wizard
 10406 | D:10     | Killed a wizard
 10407 | D:10     | Reached skill level 1 in Shields
 10490 | D:10     | Noticed a wizard
 10496 | D:10     | Killed a wizard
 10888 | D:9      | Killed Quickbrownfox's ghost
 10989 | D:10     | Reached XP level 12. HP: 76/91 MP: 16/23
 10990 | D:10     | Reached skill level 5 in Armour
 11405 | D:11     | Noticed Psyche
 11408 | D:11     | Killed Psyche
 12163 | D:12     | Noticed a four-headed hydra
 12170 | D:12     | Noticed a skeletal warrior
 12400 | D:12     | Reached skill level 13 in Earth Magic
 12825 | D:12     | Killed a four-headed hydra
 12990 | D:12     | Found a portal to a secret trove of treasure.
 13414 | D:13     | Noticed a two-headed ogre
 13414 | D:13     | Noticed a skeletal warrior
 13415 | D:13     | Noticed a skeletal warrior
 13415 | D:13     | Noticed a skeletal warrior
 13415 | D:13     | Noticed a skeletal warrior
 13418 | D:13     | Noticed a skeletal warrior
 13421 | D:13     | You fall into a shaft and drop 2 floors!
 13421 | D:15     | Entered Level 15 of the Dungeon
 13685 | D:15     | Noticed a boulder beetle
 13694 | D:15     | Killed a boulder beetle
 13695 | D:15     | Reached skill level 5 in Shields
 13695 | D:15     | Reached XP level 13. HP: 96/99 MP: 15/25
 13704 | D:15     | Noticed Azrael
 13756 | D:15     | Killed Azrael
 13805 | D:15     | Noticed an eight-headed hydra
 13810 | D:15     | Slain by an eight-headed hydra

Illustrated notes

Levels and vault maps discovered:
D:1:      dpeg_arrival_fog, layout_basic
D:2:      layout_basic
D:3:      layout_basic, overflow_temple_1_default,
          mainiacjoe_overflow_large_starburst
D:4:      layout_rooms
D:5:      layout_rooms, marbit_many_paths, yredelemnul_altar_generic,
          glass_columns_c, kennysheep_cross_bottleneck, minmay_misc_feat_square
D:6:      wander_river, layout_rooms, nicolae_wu_jian_immortal_techniques,
          water_maze_lemuel
D:7:      layout_basic, vehumet_crystals, minmay_temple_entry_hall,
          enter_ossuary_4, st_stairs_12, uniq_maggie
D:8:      layout_loops_ring, kennysheep_mini_moat, erik_lair_orcish_takeover,
          serial_rivers, chequers_serial_rivers_micro_b,
          chequers_serial_rivers_micro_c, chequers_serial_rivers_room_a,
          chequers_serial_rivers_large_b, chequers_serial_rivers_room_a,
          lightli_minifort
D:9:      layout_grid_maze, mainiacjoe_overflow_catwalk, orc_0_dummy,
          kennysheep_generic_room_7
D:10:     minmay_smoke_and_mirrors, layout_basic,
          nicolae_dithmenos_shadow_blocks, gammafunk_ghost_ooze, serial_glass,
          glass_columns_a, glass_columns_a, item_on_display_a,
          item_on_display_a, item_on_display_a
D:11:     layout_roguey, serial_curves, eino_curves_02, eino_curves_04,
          uniq_psyche
D:12:     layout_roguey, trove_entry_hex_spiral, minmay_mirror_moons_of_madness
D:13:     layout_rooms
D:15:     grunt_enter_depths_hoard, layout_long_grid,
          muffindrake_ghost_dual_entry, uniq_nessos, uniq_azrael

Skill      XL: |  1  2  3  4  5  6  7  8  9 10 11 12 |
---------------+-------------------------------------+-----
Earth Magic    | 4 5 6 7 9 10 12 13 | 13.8
Conjurations   | 1 2 3 |  3.0
Transmutations | 2 3 |  3.0
Fighting       | 1 2 3 5 6 7 8 |  8.4
Invocations    | 1 3 5 7 9 11 12 | 12.8
Spellcasting   | 3 4 5 6 7 8 |  8.3
Armour         | 3 4 6 |  6.4
Shields        | 2 5 |  5.3
Dodging        | |  1.7
Stealth        | |  2.4

Action                     |  1- 3 |  4- 6 |  7- 9 | 10-12 | 13-15 || total
---------------------------+-------+-------+-------+-------+-------++-------
  Melee: Scimitar          |    50 |    26 |    12 |       |       ||    88
         Punch             |       |     1 |       |       |       ||     1
         Halberd           |       |       |       |    10 |    10 ||    20
  Throw: Dart              |     4 |       |     5 |    29 |       ||    38
         Throwing net      |       |       |     1 |       |       ||     1
   Cast: Sandblast         |     5 |    85 |   122 |   296 |    15 ||   523
         Stone Arrow       |       |       |     2 |    32 |     6 ||    40
         Passwall          |       |       |       |     5 |       ||     5
 Invoke: Bend Time         |       |       |       |     1 |     1 ||     2
         Slouch            |       |       |       |     1 |       ||     1
         Temporal Distorti |       |       |       |     1 |       ||     1
         Step From Time    |       |       |       |     1 |       ||     1
Ability: Dig               |       |       |       |     1 |     1 ||     2
         Shaft Self        |       |       |       |     1 |       ||     1
  Evoke: Wand              |       |       |     6 |     8 |       ||    14
    Use: Potion            |       |     3 |     1 |     2 |     2 ||     8
         Scroll            |       |     6 |     7 |     4 |       ||    17
   Stab: Sleeping          |     3 |       |       |       |       ||     3
 Armour: Robe              |    20 |     1 |       |       |       ||    21
         Leather armour    |       |    21 |    23 |       |       ||    44
         Swamp dragon scal |       |       |     6 |    97 |    11 ||   114
  Dodge: Dodged            |    37 |    40 |    35 |   134 |    21 ||   267
  Block: Other             |       |     3 |    24 |    33 |       ||    60
         Buckler           |       |       |       |   114 |    32 ||   146
         Reflection        |       |       |       |    13 |     1 ||    14
